SAAA
TREMONT DOUBLEDAYS @ VERMONT LAKE MONSTERS
08/07/2023
 
TOP OF THE 1ST
Tremont Doubledays batting - Pitching for Vermont Lake Monsters : RHP Hidehira Matsuda
Pitching: RHP Hidehira Matsuda
Batting: RHB Enrique Morales 0-0: Called Strike
0-1: Foul Ball, location: 2F
0-2: Ball
1-2: Strikes out looking
Batting: RHB Jim Unknown 0-0: Swinging Strike
0-1: DOUBLE (Line Drive, 3L)
Batting: RHB Thomas Campbell 0-0: Ball
1-0: Ball
2-0: Foul Ball, location: 2F
2-1: Ball
3-1: SINGLE (Groundball, 6M)
Jim Unknown to third
Batting: LHB Eric Ward 0-0: Called Strike
Thomas Campbell steals 2nd base
0-1: Ball
1-1: Ball
2-1: Foul Ball, location: 2F
2-2: Ball
Wild Pitch!
Jim Unknown scores
Thomas Campbell to third
3-2: Foul Ball, location: 2F
3-2: Foul Ball, location: 2F
3-2: Foul Ball, location: 2F
3-2: 2-RUN HOME RUN (Flyball, 89XD), Distance : 431 ft
Batting: SHB Todd Hill 0-0: Swinging Strike
0-1: Ball
1-1: Ball
2-1: Foul Ball, location: 2F
2-2: Foul Ball, location: 2F
2-2: Foul Ball, location: 2F
2-2: Foul Ball, location: 2F
2-2: Fly out, F7 (Flyball, 7M)
Batting: LHB Jim Unknown 0-0: Called Strike
0-1: Foul Ball, location: 2F
0-2: Strikes out swinging
Top of the 1st over - 3 run(s), 3 hit(s), 0 error(s), 0 left on base; Tremont 3 - Vermont 0
BOTTOM OF THE 1ST
Vermont Lake Monsters batting - Pitching for Tremont Doubledays : RHP Jim Unknown
Pitching: RHP Jim Unknown
Batting: RHB Fernando Castro 0-0: Ball
1-0: Called Strike
1-1: Swinging Strike
1-2: Fly out, F7 (Flyball, 7M)
Batting: LHB Tim Hill 0-0: Ball
1-0: Foul Ball, location: 2F
1-1: SOLO HOME RUN (Flyball, 9D), Distance : 388 ft
Batting: RHB John Howell 0-0: Ball
1-0: SINGLE (Groundball, 6)
Batting: RHB Carlos Padilla 0-0: Ball
1-0: Grounds into double play, U6-3 (Groundball, 6M)
Bottom of the 1st over - 1 run(s), 2 hit(s), 0 error(s), 0 left on base; Tremont 3 - Vermont 1
TOP OF THE 2ND
Tremont Doubledays batting - Pitching for Vermont Lake Monsters : RHP Hidehira Matsuda
Batting: SHB Jim Unknown 0-0: Called Strike
0-1: Swinging Strike
0-2: Fly out, F4 (Popup, 13)
Batting: RHB Jim Unknown 0-0: Called Strike
0-1: SINGLE (Line Drive, 4D)
Batting: RHB Jim Unknown 0-0: Ball
1-0: Ball
2-0: Called Strike
2-1: Fly out, F9 (Flyball, 89M)
Batting: RHB Enrique Morales 0-0: Foul Ball, location: 2F
0-1: Ball
Wild Pitch!
Jim Unknown to second
1-1: Foul Ball, location: 2F
1-2: Ball
2-2: SINGLE (Line Drive, 7LS)
Jim Unknown to third
Batting: RHB Jim Unknown 0-0: Ball
1-0: Ball
2-0: Ball
3-0: Called Strike
3-1: Called Strike
3-2: Fly out, F9 (Flyball, 89M)
Top of the 2nd over - 0 run(s), 2 hit(s), 0 error(s), 2 left on base; Tremont 3 - Vermont 1
BOTTOM OF THE 2ND
Vermont Lake Monsters batting - Pitching for Tremont Doubledays : RHP Jim Unknown
Batting: RHB Ricardo Pacheco 0-0: Ground out 4-3 (Groundball, 13)
Batting: RHB Bronson Nicholls 0-0: Called Strike
0-1: Foul Ball, location: 2F
0-2: Ball
1-2: Ground out 6-3 (Groundball, 6M)
Batting: LHB Dave Burns 0-0: Swinging Strike
0-1: SINGLE (Groundball, 4MD)
Batting: RHB Teddy Pelham 0-0: Ball
1-0: Ball
2-0: SINGLE (Groundball, 6D)
Dave Burns to second
Batting: RHB Albert Díaz 0-0: Fly out, F8 (Flyball, 8RM)
Bottom of the 2nd over - 0 run(s), 2 hit(s), 0 error(s), 2 left on base; Tremont 3 - Vermont 1
TOP OF THE 3RD
Tremont Doubledays batting - Pitching for Vermont Lake Monsters : RHP Hidehira Matsuda
Batting: RHB Thomas Campbell 0-0: Called Strike
0-1: Called Strike
0-2: Ball
1-2: Ball
2-2: SINGLE (Groundball, 56D)
Batting: LHB Eric Ward 0-0: Ball
1-0: Fly out, F9 (Flyball, 89XD)
Batting: SHB Todd Hill 0-0: Ball
1-0: Ball
2-0: Ball
3-0: Foul Ball, location: 2F
3-1: Called Strike
3-2: Grounds into double play, 4-6-3 (Groundball, 4)
Top of the 3rd over - 0 run(s), 1 hit(s), 0 error(s), 0 left on base; Tremont 3 - Vermont 1
BOTTOM OF THE 3RD
Vermont Lake Monsters batting - Pitching for Tremont Doubledays : RHP Jim Unknown
Batting: RHB Fernando Castro 0-0: Fly out, F2 (Popup, 2LF)
Batting: LHB Tim Hill 0-0: Ground out 5-3 (Groundball, 5)
Batting: RHB John Howell 0-0: SINGLE (Flyball, 6MD)
Batting: RHB Carlos Padilla 0-0: SINGLE (Line Drive, 89S)
John Howell to second
Batting: RHB Ricardo Pacheco 0-0: Ball
Wild Pitch!
John Howell to third
Carlos Padilla to second
1-0: Called Strike
1-1: Ball
Wild Pitch!
John Howell scores
Carlos Padilla to third
2-1: Ball
3-1: Base on Balls
Batting: RHB Bronson Nicholls 0-0: Ball
Ricardo Pacheco is caught stealing 2nd base
Bottom of the 3rd over - 1 run(s), 2 hit(s), 0 error(s), 0 left on base; Tremont 3 - Vermont 2
TOP OF THE 4TH
Tremont Doubledays batting - Pitching for Vermont Lake Monsters : RHP Hidehira Matsuda
Batting: LHB Jim Unknown 0-0: Ball
1-0: Ball
2-0: Ground out 1-3 (Groundball, 25)
Batting: SHB Jim Unknown 0-0: DOUBLE (Line Drive, 9M)
Batting: RHB Jim Unknown 0-0: Called Strike
0-1: Called Strike
0-2: Ball
1-2: Foul Ball, location: 2F
1-2: Fly out, F8 (Flyball, 8RXD)
Runner from 2nd tags up, SAFE at 3rd, no throw
Batting: RHB Jim Unknown 0-0: Foul Ball, location: 2F
0-1: Ball
1-1: Foul Ball, location: 2F
1-2: Ball
2-2: Foul Ball, location: 2F
2-2: DOUBLE (Groundball, 5L)
Jim Unknown scores
Batting: RHB Enrique Morales 0-0: Swinging Strike
0-1: Foul Ball, location: 2F
0-2: Strikes out swinging
Top of the 4th over - 1 run(s), 2 hit(s), 0 error(s), 1 left on base; Tremont 4 - Vermont 2
BOTTOM OF THE 4TH
Vermont Lake Monsters batting - Pitching for Tremont Doubledays : RHP Jim Unknown
Batting: RHB Bronson Nicholls 0-0: Foul Ball, location: 2F
0-1: Ball
1-1: Ball
2-1: Ball
3-1: Base on Balls
Batting: LHB Dave Burns 0-0: DOUBLE (Flyball, 8RM)
Bronson Nicholls to third
Batting: RHB Teddy Pelham 0-0: Ball
1-0: SINGLE (Line Drive, 4M)
Bronson Nicholls scores
Dave Burns to third
Batting: RHB Albert Díaz 0-0: Ball
1-0: Reached on error, E1 (Groundball, 13S)
Dave Burns scores
Teddy Pelham to second
Batting: RHB Fernando Castro 0-0: Called Strike
0-1: Called Strike
0-2: Ball
1-2: Strikes out swinging
Batting: LHB Tim Hill 0-0: Called Strike
0-1: Ball
1-1: Swinging Strike
1-2: Ball
2-2: Ball
3-2: Foul Ball, location: 2F
3-2: Fielders Choice at 2nd, 6-4 (Groundball, 56)
Teddy Pelham to third
Batting: RHB John Howell 0-0: Ball
1-0: Foul Ball, location: 2F
1-1: Foul Ball, location: 2F
1-2: Ball
2-2: Fly out, F7 (Flyball, 78M)
Bottom of the 4th over - 2 run(s), 2 hit(s), 1 error(s), 2 left on base; Tremont 4 - Vermont 4
TOP OF THE 5TH
Tremont Doubledays batting - Pitching for Vermont Lake Monsters : RHP Hidehira Matsuda
Batting: RHB Jim Unknown 0-0: Ball
1-0: Called Strike
1-1: Ball
2-1: Foul Ball, location: 2F
2-2: Ball
3-2: Foul Ball, location: 2F
3-2: Fly out, F9 (Flyball, 9M)
Batting: RHB Thomas Campbell 0-0: Ball
1-0: Called Strike
1-1: Ball
2-1: Foul Ball, location: 2F
2-2: Fly out, F9 (Line Drive, 3D)
Batting: LHB Eric Ward 0-0: Foul Ball, location: 2F
0-1: Foul Ball, location: 2F
0-2: Strikes out swinging
Top of the 5th over - 0 run(s), 0 hit(s), 0 error(s), 0 left on base; Tremont 4 - Vermont 4
BOTTOM OF THE 5TH
Vermont Lake Monsters batting - Pitching for Tremont Doubledays : RHP Jim Unknown
Batting: RHB Carlos Padilla 0-0: Fly out, F1 (Line Drive, 15)
Batting: RHB Ricardo Pacheco 0-0: Ball
1-0: SINGLE (Groundball, 5D)
Batting: RHB Bronson Nicholls 0-0: Called Strike
0-1: Fly out, F3 (Popup, 3SF)
Batting: LHB Dave Burns 0-0: Swinging Strike
0-1: Swinging Strike
0-2: Ball
1-2: Strikes out swinging
Bottom of the 5th over - 0 run(s), 1 hit(s), 0 error(s), 1 left on base; Tremont 4 - Vermont 4
TOP OF THE 6TH
Tremont Doubledays batting - Pitching for Vermont Lake Monsters : RHP Hidehira Matsuda
Batting: SHB Todd Hill 0-0: Ground out U3 (Groundball, 3)
Batting: LHB Jim Unknown 0-0: Ball
1-0: Foul Ball, location: 2F
1-1: Foul Ball, location: 2F
1-2: Ball
2-2: Ball
3-2: Fly out, F7 (Flyball, 7M)
Batting: SHB Jim Unknown 0-0: Ball
1-0: Ball
2-0: Ball
3-0: Called Strike
3-1: SINGLE (Groundball, 34D)
Batting: RHB Jim Unknown 0-0: Ball
1-0: Called Strike
1-1: Fly out, F5 (Line Drive, 5)
Top of the 6th over - 0 run(s), 1 hit(s), 0 error(s), 1 left on base; Tremont 4 - Vermont 4
BOTTOM OF THE 6TH
Vermont Lake Monsters batting - Pitching for Tremont Doubledays : RHP Jim Unknown
Batting: RHB Teddy Pelham 0-0: Foul Ball, location: 2F
0-1: SINGLE (Flyball, 8LS)
Batting: RHB Albert Díaz 0-0: Sac Bunt - play at first, batter OUT! 1-4
Teddy Pelham to second
Batting: RHB Fernando Castro 0-0: Ball
1-0: Foul Ball, location: 2F
1-1: Ball
2-1: Swinging Strike
2-2: Ball
3-2: Base on Balls
Batting: LHB Tim Hill 0-0: Ball
1-0: Called Strike
1-1: Called Strike
1-2: Ball
2-2: Ball
3-2: Foul Ball, location: 2F
3-2: Base on Balls
Teddy Pelham to third
Fernando Castro to second
Batting: RHB John Howell 0-0: Ground out 4-3 (Groundball, 4M)
Teddy Pelham scores
Fernando Castro to third
Tim Hill to second
Batting: RHB Carlos Padilla 0-0: Ground out 6-3 (Groundball, 6)
Bottom of the 6th over - 1 run(s), 1 hit(s), 0 error(s), 2 left on base; Tremont 4 - Vermont 5
TOP OF THE 7TH
Tremont Doubledays batting - Pitching for Vermont Lake Monsters : RHP Hidehira Matsuda
Batting: RHB Jim Unknown 0-0: Ball
1-0: Ball
2-0: Ball
3-0: Base on Balls
Pitching: RHP Jim Unknown
Batting: RHB Enrique Morales 0-0: Foul Ball, location: 2F
0-1: Sac Bunt - play at first, batter OUT! 5-4
Jim Unknown to second
Batting: RHB Jim Unknown 0-0: Called Strike
0-1: Ball
1-1: 2-RUN HOME RUN (Flyball, 7LD), Distance : 363 ft
Batting: RHB Thomas Campbell 0-0: Ball
1-0: Ball
2-0: SINGLE (Groundball, 56D)
Batting: LHB Eric Ward 0-0: Called Strike
Thomas Campbell is caught stealing 2nd base
0-1: Ball
1-1: Ball
2-1: Swinging Strike
2-2: Strikes out swinging
Top of the 7th over - 2 run(s), 2 hit(s), 0 error(s), 0 left on base; Tremont 6 - Vermont 5
BOTTOM OF THE 7TH
Vermont Lake Monsters batting - Pitching for Tremont Doubledays : RHP Jim Unknown
Batting: RHB Ricardo Pacheco 0-0: Ball
1-0: Called Strike
1-1: SINGLE (Groundball, 56D)
Pinch Hitting: LHB Pedro Willis 0-0: Called Strike
0-1: Ball
1-1: Ball
2-1: Foul Ball, location: 2F
2-2: Ball
3-2: Ground out 3-1 (Groundball, 34)
Ricardo Pacheco to second
Batting: LHB Dave Burns 0-0: Called Strike
0-1: Fly out, F8 (Flyball, 8LS)
Batting: RHB Teddy Pelham 0-0: Ball
1-0: Ball
2-0: Ball
3-0: Called Strike
3-1: Fly out, F9 (Flyball, 9M)
Bottom of the 7th over - 0 run(s), 1 hit(s), 0 error(s), 1 left on base; Tremont 6 - Vermont 5
TOP OF THE 8TH
Tremont Doubledays batting - Pitching for Vermont Lake Monsters : RHP Jim Unknown
Now in RF: Pedro Willis
Batting: SHB Todd Hill 0-0: Ball
1-0: Swinging Strike
1-1: Foul Ball, location: 2F
1-2: Strikes out swinging
Batting: LHB Jim Unknown 0-0: Ball
1-0: Fly out, F8 (Flyball, 8LM)
Batting: SHB Jim Unknown 0-0: Called Strike
0-1: Swinging Strike
0-2: SOLO HOME RUN (Flyball, 9D), Distance : 378 ft
Batting: RHB Jim Unknown 0-0: Ground out 5-3 (Groundball, 5)
Top of the 8th over - 1 run(s), 1 hit(s), 0 error(s), 0 left on base; Tremont 7 - Vermont 5
BOTTOM OF THE 8TH
Vermont Lake Monsters batting - Pitching for Tremont Doubledays : RHP Jim Unknown
Batting: RHB Albert Díaz 0-0: Ball
1-0: Swinging Strike
1-1: Ball
2-1: Ball
3-1: Swinging Strike
3-2: Base on Balls
Batting: RHB Fernando Castro 0-0: Ball
1-0: Ball
2-0: Called Strike
2-1: Fly out, F6 (Popup, 6MD)
Batting: LHB Tim Hill 0-0: Called Strike
0-1: Foul Ball, location: 2F
0-2: Ball
1-2: Strikes out swinging
Batting: RHB John Howell 0-0: Swinging Strike
0-1: Fly out, F9 (Flyball, 89D)
Bottom of the 8th over - 0 run(s), 0 hit(s), 0 error(s), 1 left on base; Tremont 7 - Vermont 5
TOP OF THE 9TH
Tremont Doubledays batting - Pitching for Vermont Lake Monsters : RHP Jim Unknown
Pitching: RHP Jim Unknown
Batting: RHB Jim Unknown 0-0: Called Strike
0-1: Swinging Strike
0-2: SINGLE (Popup, 34D)
Pitching: RHP Mauro Guerra
Batting: RHB Enrique Morales 0-0: Sac Bunt - play at second, runner OUT! 1-6
Batting: RHB Jim Unknown 0-0: Ball
1-0: Fly out, F7 (Flyball, 7S)
Batting: RHB Thomas Campbell 0-0: Fly out, F4 (Popup, 4D)
Top of the 9th over - 0 run(s), 1 hit(s), 0 error(s), 1 left on base; Tremont 7 - Vermont 5
BOTTOM OF THE 9TH
Vermont Lake Monsters batting - Pitching for Tremont Doubledays : RHP Jim Unknown
Pitching: RHP Jim Unknown
Batting: RHB Carlos Padilla 0-0: Swinging Strike
0-1: Fly out, F8 (Flyball, 8RM)
Batting: RHB Ricardo Pacheco 0-0: Ball
1-0: Called Strike
1-1: Foul Ball, location: 2F
1-2: TRIPLE (Line Drive, 8RM)
Batting: LHB Pedro Willis 0-0: Ball
1-0: Foul Ball, location: 2F
1-1: Ball
2-1: Ball
3-1: Foul Ball, location: 2F
3-2: Foul Ball, location: 2F
3-2: Base on Balls
Batting: LHB Dave Burns 0-0: Ball
1-0: Ball
2-0: Foul Ball, location: 2F
2-1: Ball
3-1: DOUBLE (Flyball, 89M)
Ricardo Pacheco scores
Pedro Willis to third
Batting: RHB Teddy Pelham 0-0: Called Strike
0-1: Ball
1-1: Called Strike
1-2: Fly out, F8 (Flyball, 8LM)
Runner from 3rd tags up, SCORES, throw made
Batting: RHB Albert Díaz 0-0: Ball
1-0: Ball
2-0: Called Strike
2-1: Ball
3-1: Foul Ball, location: 2F
3-2: Fly out, F4 (Popup, 34)
Bottom of the 9th over - 2 run(s), 2 hit(s), 0 error(s), 1 left on base; Tremont 7 - Vermont 7
TOP OF THE 10TH
Tremont Doubledays batting - Pitching for Vermont Lake Monsters : RHP Mauro Guerra
Batting: LHB Eric Ward 0-0: Ball
1-0: Ball
2-0: Called Strike
2-1: Ball
3-1: Foul Ball, location: 2F
3-2: Foul Ball, location: 2F
3-2: Base on Balls
Batting: SHB Todd Hill 0-0: Ball
1-0: Foul Ball, location: 2F
1-1: Foul Ball, location: 2F
1-2: SINGLE (Line Drive, 8RS)
Eric Ward to second
Batting: LHB Jim Unknown 0-0: Sac Bunt - play at first, batter OUT! 1-4
Eric Ward to third
Todd Hill to second
Pinch Hitting: RHB Jim Unknown 0-0: Intentional Walk
Batting: RHB Jim Unknown 0-0: Called Strike
0-1: Foul Ball, location: 2F
0-2: Strikes out looking
Batting: RHB Jim Unknown 0-0: Called Strike
0-1: Ball
1-1: Foul Ball, location: 2F
1-2: Fly out, F8 (Flyball, 8LD)
Top of the 10th over - 0 run(s), 1 hit(s), 0 error(s), 3 left on base; Tremont 7 - Vermont 7
BOTTOM OF THE 10TH
Vermont Lake Monsters batting - Pitching for Tremont Doubledays : RHP Jim Unknown
Now at 3B: Jim Unknown
Batting: RHB Fernando Castro 0-0: Reached on error, E6 (Groundball, 6)
Batting: LHB Tim Hill 0-0: Sac Bunt - play at first, batter OUT! 2-4
Fernando Castro to second
Pinch Hitting: LHB Reijiro Sato 0-0: Ball
1-0: Foul Ball, location: 2F
1-1: Swinging Strike
1-2: Ground out U3 (Groundball, 3S)
Fernando Castro to third
Batting: RHB Carlos Padilla 0-0: Fly out, F3 (Popup, 3SF)
Bottom of the 10th over - 0 run(s), 0 hit(s), 1 error(s), 1 left on base; Tremont 7 - Vermont 7
TOP OF THE 11TH
Tremont Doubledays batting - Pitching for Vermont Lake Monsters : RHP Mauro Guerra
Pitching: RHP Jorge Ayala
Now in LF: Jim Unknown
Batting: RHB Enrique Morales 0-0: Ball
1-0: Ball
2-0: Ball
3-0: Called Strike
3-1: Fly out, F8 (Flyball, 8RM)
Batting: RHB Jim Unknown 0-0: Foul Ball, location: 2F
0-1: Foul Ball, location: 2F
0-2: Ground out 6-3 (Groundball, 6MS)
Batting: RHB Thomas Campbell 0-0: Ball
1-0: Swinging Strike
1-1: Ground out 5-3 (Groundball, 5S)
Top of the 11th over - 0 run(s), 0 hit(s), 0 error(s), 0 left on base; Tremont 7 - Vermont 7
BOTTOM OF THE 11TH
Vermont Lake Monsters batting - Pitching for Tremont Doubledays : RHP Jim Unknown
Pitching: LHP Jim Unknown
Pinch Hitting: RHB Ray John 0-0: Called Strike
0-1: Ball
1-1: Fly out, F7 (Flyball, 7M)
Batting: LHB Pedro Willis 0-0: Ball
1-0: Called Strike
1-1: Foul Ball, location: 2F
1-2: Ground out 4-3 (Groundball, 34)
Batting: LHB Dave Burns 0-0: Ball
1-0: Ground out U3 (Groundball, 3L)
Bottom of the 11th over - 0 run(s), 0 hit(s), 0 error(s), 0 left on base; Tremont 7 - Vermont 7
TOP OF THE 12TH
Tremont Doubledays batting - Pitching for Vermont Lake Monsters : RHP Jorge Ayala
Now at 1B: Ray John
Batting: LHB Eric Ward 0-0: Called Strike
0-1: Ball
1-1: Called Strike
1-2: Foul Ball, location: 2F
1-2: Foul Ball, location: 2F
1-2: Strikes out looking
Batting: SHB Todd Hill 0-0: Ball
1-0: Called Strike
1-1: Swinging Strike
1-2: Ground out 1-3 (Groundball, 15)
Batting: LHB Jim Unknown 0-0: Ball
1-0: Ball
2-0: Ball
3-0: Base on Balls
Batting: RHB Jim Unknown 0-0: Ball
1-0: Ball
2-0: Called Strike
2-1: SINGLE (Groundball, 56D)
Jim Unknown to second
Batting: RHB Jim Unknown 0-0: Ball
1-0: Ball
2-0: Called Strike
2-1: Foul Ball, location: 2F
2-2: DOUBLE (Flyball, 78XD)
Jim Unknown scores
Jim Unknown to third
Batting: RHB Jim Unknown 0-0: Called Strike
0-1: Ball
1-1: Foul Ball, location: 2F
1-2: Ground out 4-3 (Groundball, 34)
Top of the 12th over - 1 run(s), 2 hit(s), 0 error(s), 2 left on base; Tremont 8 - Vermont 7
BOTTOM OF THE 12TH
Vermont Lake Monsters batting - Pitching for Tremont Doubledays : LHP Jim Unknown
Batting: RHB Teddy Pelham 0-0: Ball
1-0: Foul Ball, location: 2F
1-1: Called Strike
1-2: Strikes out swinging
Batting: RHB Albert Díaz 0-0: Ball
1-0: SINGLE (Groundball, 56)
Batting: RHB Fernando Castro 0-0: Called Strike
0-1: Ball
1-1: Foul Ball, location: 2F
1-2: Ball
2-2: Grounds into double play, 6-4-3 (Groundball, 56)
Bottom of the 12th over - 0 run(s), 1 hit(s), 0 error(s), 0 left on base; Tremont 8 - Vermont 7
This league is powered by Out of the Park Baseball, the baseball management simulation game for PC, Mac and Linux
Friday, July 8th, 2016 - OOTP Baseball 16.9 Build 39